 Dungeon Crawl Stone Soup version 0.27-a0-1273-gec92ba881d (webtiles) character file.

Game seed: 6002797140635198904

1246 freelancePsychic the Vexing (level 8, -8/62 HPs)
             Began as a Demonspawn Wanderer on June 12, 2021.
             Was a Believer of Okawaru.
             Killed from afar by a gargoyle (16 damage)
             ... with a stone arrow
             ... on level 6 of the Dungeon.
             The game lasted 00:16:51 (6475 turns).

freelancePsychic the Vexing (Demonspawn Wanderer)   Turns: 6475, Time: 00:16:51

Health: -8/62      AC: 16    Str: 15    XL:     8   Next: 25%
Magic:  0/9        EV: 12    Int: 14    God:    Okawaru [**....]
Gold:   264        SH:  0    Dex: 14    Spells: 4/7 levels left

rFire    . . .     SeeInvis .   b - +0 hunting sling
rCold    . . .     Faith    .   (no shield)
rNeg     . . .     Spirit   +   r - +2 ring mail {rPois}
rPois    +         Reflect  .   i - +2 hat
rElec    .         Harm     .   j - +0 cloak
rCorr    .         Rampage  .   (no gloves)
Will     .....     Rnd*Rage +   d - +0 pair of boots
Stlth    +++.......             o - amulet of guardian spirit
HPRegen  0.20/turn              l - +4 ring of protection
MPRegen  0.11/turn              (no ring)

@: heroic
A: hooves 1, ignite blood 1, agile 1, berserk 1, wild magic 1
a: Renounce Religion, Heroism


You were on level 6 of the Dungeon.
You worshipped Okawaru.
Okawaru was pleased with you.
You visited 1 branch of the dungeon, and saw 6 of its levels.

You collected 264 gold pieces.

Inventory:

Hand Weapons
 a - a +3 dagger of venom
 b - a +0 hunting sling (weapon)
Missiles
 g - 134 stones (quivered ammo)
 w - 70 bolts
 x - 42 arrows
Armour
 d - a +0 pair of boots (worn)
 i - a +2 hat (worn)
 j - a +0 cloak (worn)
 r - a +2 ring mail of poison resistance (worn)
Magical Staves
 t - a staff of conjuration
Jewellery
 e - an amulet of the acrobat
 l - a +4 ring of protection (left hand)
 o - an amulet of guardian spirit (around neck)
 y - a ring of flight
 D - a +6 ring of dexterity
Wands
 h - a wand of paralysis (4)
Scrolls
 c - a scroll of fog {unknown}
 k - 2 scrolls of immolation
 m - a scroll of magic mapping {unknown}
 n - 3 scrolls of identify {unknown}
 s - 2 scrolls of teleportation {unknown}
 A - 4 scrolls of enchant weapon {unknown}
 B - a scroll of fear {unknown}
 E - a scroll of noise {unknown}
Potions
 f - 5 potions of curing {@q1}
 p - 5 potions of heal wounds {@q2}
 q - 3 potions of degeneration {unknown}
 u - 2 potions of resistance {unknown}
 v - a potion of lignification {unknown}
 z - 2 potions of brilliance {unknown}
 C - a potion of invisibility


   Skills:
 * Level 5.1(10.1) Fighting
 - Level 6.7(11.7) Short Blades
 - Level 1.0(6.0) Throwing
 - Level 1.4(6.4) Stealth
 + Level 7.0 Hexes
 - Level 2.6 Invocations


You had 4 spell levels left.
You knew the following spells:

 Your Spells              Type           Power      Damage    Failure   Level
a - Tukima's Dance        Hex            25%        N/A       13%         3

Your spell library contained the following spells:

 Spells                   Type           Power      Damage    Failure   Level
 Corona                   Hex            27%        N/A       5%          1
 Confusing Touch          Hex            25%        N/A       13%         3
 Ensorcelled Hibernation  Hex/Ice        24%        N/A       26%         2
 Dazzling Flash           Conj/Hex       24%        N/A       45%         3
 Beastly Appendage        Tmut           0%         N/A       56%         1
 Wereblood                Tmut           0%         N/A       71%         2
 Spider Form              Tmut/Pois      0%         N/A       89%         3
 Ice Form                 Ice/Tmut       0%         N/A       99%         4


Dungeon Overview and Level Annotations

Branches:
Dungeon (6/15)
 Temple: D:4-7

Altars:
Okawaru
Ru

Shops:
D:1 !:   D:2 :

Annotations:
D:2 Robin
D:5 2 runed translucent doors, bobarctor's ghost, novice DENe


Innate Abilities, Weirdness & Mutations

You have large cloven feet.
Your demonic aura sometimes causes spilled blood to erupt in flames.
You are agile. (Dex +2)
You tend to lose your temper in combat.
Your spells are a little harder to cast, but a little more powerful.


Message History

You drop a +0 helmet.
g - 137 stones (gained 24)
c - a scroll labelled LYOLAT VEFUE You see here an amulet of guardian spirit.
e - an amulet of the acrobat You see here a staff of fire.
A gargoyle comes into view. It is wielding a +0 dire flail.
The gargoyle hurls a stone arrow at you.
The stone arrow hits you!!
Your +3 dagger of venom stops dripping with poison.
b - a +0 hunting sling (weapon)
You gain the combat prowess of a mighty hero.
You shoot a stone. The stone hits the gargoyle.
The gargoyle is lightly damaged.
The gargoyle hurls a stone arrow at you.
The stone arrow hits you!
You are too injured to fight recklessly!
Fire: 136 stones
Press: ? - help, Q - select action, (/) - cycle Shift-Dir - straight line, f/p - gargoyle
Aim: a gargoyle, wielding a +0 dire flail (lightly damaged, 79% to hit)
You shoot a stone.
The stone hits the gargoyle but does no damage.
The gargoyle is lightly damaged.
The gargoyle hurls a stone arrow at you.
The stone arrow hits you!
Fire: 135 stones
Press: ? - help, Q - select action, (/) - cycle Shift-Dir - straight line, f/p - gargoyle
Aim: a gargoyle, wielding a +0 dire flail (79% to hit)
You shoot a stone.
The stone hits the gargoyle but does no damage.
The gargoyle hurls a stone arrow at you.
The stone arrow hits you!
You see here a staff of fire.
The gargoyle hurls a stone arrow at you.
The stone arrow hits you!
* * * LOW HITPOINT WARNING * * *
You see here an amulet of guardian spirit.
The gargoyle hurls a stone arrow at you.
The stone arrow hits you!
You die...

#....(...#
########9# #.#
#|#####
#.9.9.#
#####.# .# #.#
#.# #.# #.#
#@# ##.####
#.# #.....#
#.#
#.....######.#
#............#
#[>...########
#####.....#
[......[###
.########


You could see a gargoyle.

Vanquished Creatures
  A water moccasin (D:4)
  A black bear (D:5)
  A sky beast (D:5)
  3 ogres (D:4)
  A necrophage (D:3)
  A centaur zombie (D:6)
  A jelly (D:5)
  A hound (D:4)
  Jessica (D:2)
  7 iguanas
  Ijyb (D:3)
  2 orc wizards
  A killer bee zombie (D:5)
  3 adders
  A shadow imp (D:6)
  2 worms
  3 dart slugs (D:3)
  10 orcs
  6 ball pythons
  8 endoplasms
  3 giant cockroaches
  29 goblins
  7 hobgoblins
  7 kobolds
  6 quokkas
  5 bats
  10 rats
122 creatures vanquished.

Vanquished Creatures (collateral kills)
  2 ogres
2 creatures vanquished.

Grand Total: 124 creatures vanquished

Notes
Turn   | Place    | Note
-------+----------+-------------------------------------------
     0 | D:1      | freelancePsychic the Demonspawn Wanderer began the quest
                  | for the Orb.
     0 | D:1      | freelancePsychic set off with the following items: a +2
                  | short sword, 2 potions of curing {@q1}, a +0 robe
     0 | D:1      | Reached XP level 1. HP: 16/16 MP: 1/1
    44 | D:1      | You fall into a shaft and drop 1 floor!
   110 | D:2      | Gained mutation: You have large cloven feet. [demonic
                  | ancestry]
   110 | D:2      | Reached XP level 2. HP: 15/22 MP: 2/2
   460 | D:2      | Noticed Robin
   478 | D:2      | Noticed Jessica
   586 | D:1      | Found Dudinani's Book Emporium.
   762 | D:1      | Found a faded altar of an unknown god.
   909 | D:1      | Found Jifficw's Distillery.
  1030 | D:1      | Reached XP level 3. HP: 27/27 MP: 3/3
  1123 | D:2      | Found Deuzujalis's Book Boutique.
  1386 | D:2      | Reached skill level 1 in Hexes
  1930 | D:2      | Killed Jessica
  1931 | D:2      | Reached XP level 4. HP: 33/33 MP: 4/4
  2343 | D:2      | Learned a level 3 spell: Tukima's Dance
  2636 | D:3      | Reached skill level 2 in Hexes
  2686 | D:3      | Reached XP level 5. HP: 34/38 MP: 5/5
  2893 | D:3      | Noticed Ijyb
  2903 | D:3      | Paralysed by Ijyb for 3 turns
  2919 | D:3      | Gained mutation: You tend to lose your temper in combat.
                  | [potion of mutation]
  2919 | D:3      | Gained mutation: You are agile. (Dex +2) [potion of
                  | mutation]
  2919 | D:3      | Gained mutation: Your spells are a little harder to cast,
                  | but a little more powerful. [potion of mutation]
  2932 | D:3      | Killed Ijyb
  3063 | D:3      | Noticed a necrophage
  3085 | D:3      | Killed a necrophage
  3086 | D:3      | Reached skill level 3 in Hexes
  3180 | D:3      | Found an iron altar of Okawaru.
  3188 | D:3      | Became a worshipper of Warmaster Okawaru
  3542 | D:3      | Reached XP level 6. HP: 32/44 MP: 4/6
  3812 | D:4      | Reached skill level 4 in Hexes
  3857 | D:4      | You fall into a shaft and drop 1 floor!
  3857 | D:5      | Entered Level 5 of the Dungeon
  3966 | D:4      | Reached * piety under Okawaru
  3967 | D:4      | Reached skill level 5 in Hexes
  4573 | D:4      | Reached XP level 7. HP: 49/50 MP: 2/7
  4735 | D:4      | Reached skill level 6 in Hexes
  5171 | D:5      | Reached skill level 1 in Invocations
  5475 | D:5      | Reached ** piety under Okawaru
  5666 | D:5      | Found a large runed translucent door.
  5667 | D:5      | Found a large runed translucent door.
  5667 | D:5      | Noticed bobarctor's ghost (novice DENe)
  5758 | D:5      | Gained mutation: Your demonic aura sometimes causes spilled
                  | blood to erupt in flames. [demonic ancestry]
  5758 | D:5      | Reached XP level 8. HP: 60/60 MP: 9/9
  6102 | D:6      | Found a sacrificial altar of Ru.
  6195 | D:6      | Reached skill level 5 in Fighting
  6370 | D:6      | Reached skill level 7 in Hexes
  6453 | D:6      | Noticed a gargoyle
  6475 | D:6      | Killed from afar by a gargoyle

Illustrated notes

Levels and vault maps discovered:
D:1:      saegor_arrival_simple_e, layout_basic, serial_shops,
          nicolae_shop_statue_plus, shop, ebering_ecumenical_altar_rust,
          st_stairs_2, minmay_misc_feat_columns
D:2:      layout_loops_corners, serial_shops, nicolae_shop_behind_doors,
          dk_vineyard_3, uniq_robin, uniq_jessica
D:3:      layout_basic, kennysheep_okawaru_gauntlet, kennysheep_small_spiral,
          minmay_three_crescents, uniq_ijyb
D:4:      layout_rooms, hangedman_decor_riveting
D:5:      layout_basic, ebering_ghost_disaster_area, minmay_ogre_servants
D:6:      layout_loops_ring, nicolae_ru_great_annihilating_truth,
          lightli_corner_chamber

Skill      XL: |  1  2  3  4  5  6  7  8 |
---------------+-------------------------+-----
Hexes          | 1 2 3 5 6 7 |  7.0
Short Blades   | 6 |  6.7
Fighting       | 4 5 |  5.1
Invocations    | 2 |  2.6
Throwing       | |  1.0
Stealth        | |  1.4

Action                   |  1- 3 |  4- 6 |  7- 9 || total
-------------------------+-------+-------+-------++-------
Melee: Short sword       |   111 |    58 |       ||   169
       Dagger            |       |    70 |   154 ||   224
       Punch             |       |       |     1 ||     1
 Fire: Hunting sling     |    31 |    73 |     3 ||   107
Throw: Stone             |       |       |     1 ||     1
 Cast: Tukima's Dance    |       |     5 |     5 ||    10
Invok: Heroism           |       |       |     2 ||     2
  Use: Scroll            |       |     1 |       ||     1
       Potion            |       |     3 |       ||     3
 Stab: Sleeping          |     1 |       |       ||     1
       Distracted        |       |       |     1 ||     1
       Invisible         |       |       |     1 ||     1
       Paralysed         |       |       |     1 ||     1
Armor: Robe              |    47 |       |       ||    47
       Ring mail         |       |    63 |    57 ||   120
Dodge: Dodged            |    44 |    50 |    52 ||   146

Table legend: (Time is in decaauts)
 A = Elapsed time spent in this place.
 B = Non-inter-level travel time spent in this place.
 C = Inter-level travel time spent in this place.
 D = Time resting spent in this place.
 E = Time spent auto-exploring this place.
 F = Levels seen in this place.
 G = Mean time per level.
                   A        B        C        D        E       F      G
               +--------+--------+--------+--------+--------+-----+--------+
         Total |   6392 |   6124 |    268 |    915 |   4011 |   6 | 1065.3 |
       Dungeon |   6392 |   6124 |    268 |    915 |   4011 |   6 | 1065.3 |
               +--------+--------+--------+--------+--------+-----+--------+

Top non-repeatable levels by time:
     D:3: 1671 daAuts
     D:2: 1615 daAuts
     D:5: 1048 daAuts
     D:4: 934 daAuts
     D:1: 710 daAuts
     D:6: 412 daAuts
